 Dungeon Crawl Stone Soup version 0.31.0-12-g77e489cdc1 (webtiles) character file.

Game seed: 894407510647013465

898 112233 the Changeling (level 8, -4/81 HPs)
             Began as an Octopode Shapeshifter on Feb 19, 2024.
             Slain by a two-headed ogre
             ... wielding a +0 giant club
              (5 damage)
             ... on level 5 of the Dungeon.
             The game lasted 00:04:11 (3812 turns).

112233 the Changeling (Octopode Shapeshifter)       Turns: 3812, Time: 00:04:12

Health: -4/81      AC: 24    Str: 13    XL:     8   Next: 7%
Magic:  8/8        EV:  2    Int: 13    God:
Gold:   241        SH:  0    Dex: 13    Spells: 7/7 levels left

rFire   . . .        m - +0 quick blade (venom)
rCold   . . .        (no shield)
rNeg    . . .        (helmet currently unavailable)
rPois   +            (no amulet)
rElec   .            (no ring)
rCorr   .            (no ring)
SInv    .            (no ring)
Will    .....        (no ring)
Stlth   +++          (no ring)
HPRegen 0.33/turn    (no ring)
MPRegen 0.11/turn    (no ring)
                     (no ring)

%: no passive effects
@: tree-form
A: stationary, stasis, torment immunity, boosted hp, almost no armour,
(amphibious), 8 rings, (camouflage 1), (gelatinous body 1), (nimble swimmer 1),
(tentacles)
a: no special abilities


You were on level 5 of the Dungeon.
You were a tree.
You visited 2 branches of the dungeon, and saw 6 of its levels.
You also visited: Sewer.

You collected 241 gold pieces.

Inventory:

Hand Weapons
 h - a +0 quarterstaff
 m - a +0 quick blade of venom (weapon)
Missiles
 o - 6 atropa-tipped darts (quivered)
 u - 28 poisoned darts
Talismans
 b - a beast talisman
 c - a flux talisman
Wands
 q - a wand of charming (11)
Scrolls
 d - a scroll of fog {unknown}
 g - a scroll of blinking
 i - 4 scrolls of teleportation {unknown}
 k - 2 scrolls of torment
 l - a scroll of brand weapon
 n - a scroll of immolation {unknown}
 p - 3 scrolls of noise
 s - a scroll of poison {unknown}
Potions
 a - a potion of lignification
 e - a potion of might {unknown}
 f - a potion of degeneration
 j - 2 potions of heal wounds {unknown}
 r - a potion of attraction {unknown}
 t - a potion of mutation {unknown}
 v - a potion of haste {unknown}
 w - 2 potions of experience {unknown}
 x - a potion of curing {unknown}


   Skills:
 + Level 4.0 Fighting
 + Level 1.6 Short Blades
 + Level 4.4 Dodging
 + Level 5.0 Stealth
 - Level 3.3 Unarmed Combat
 + Level 5.5 Shapeshifting


You had 7 spell levels left.
You didn't know any spells.
Your spell library contained the following spells:

 Spells                   Type           Power      Damage    Failure   Level
 Magic Dart               Conj           0%         1d3       30%         1
 Sting                    Conj/Alch      0%         1d3       30%         1
 Blink                    Tloc           0%         N/A       43%         2
 Call Imp                 Summ           0%         N/A       43%         2
 Mercury Vapours          Alch/Air       0%         N/A       43%         2
 Static Discharge         Conj/Air       0%         3-3/arc   43%         2
 Airstrike                Air            0%         2d(0-16)  97%         4
 Olgreb's Toxic Radiance  Alch           0%         N/A       97%         4
 Summon Lightning Spire   Summ/Air       0%         N/A       97%         4


Dungeon Overview and Level Annotations

Branches:
Dungeon (5/15)             Temple (1/1) D:5           Sewer (visited)

Altars:
Cheibriados
Dithmenos
Fedhas
Kikubaaqudgha
Makhleb
Nemelex Xobeh
Okawaru
Sif Muna
Trog
Uskayaw
Vehumet
Wu Jian
Zin

Annotations:
D:1 2 transporters
D:3 3 runed translucent doors, riffraff's ghost, amateur AtFi
D:4 Pikel
D:5 exclusion: upstairs


Innate Abilities, Weirdness & Mutations

You are a tree.
Your roots penetrate the ground, keeping you stationary.
You cannot be teleported.
You are immune to unholy pain and torment.
Your maximum health is greatly increased.
You cannot wear most types of armour.
((You are amphibious.))
You can wear up to eight rings at the same time.
((Your skin changes colour to match your surroundings (Stealth+).))
((Your rubbery body absorbs attacks. (AC +1, EV +1)))
((You are camouflaged when in or above water. (Stealth+)))
((You have tentacles for arms and can constrict up to eight enemies at once.))


Message History

Unknown command.
Unknown command.
Unknown command.
Level annotation: exclusion: upstairs Welcome back, 112233 the Octopode Shapeshifter.
Press ? for a list of commands and other information.
Unknown command.
You hit the two-headed ogre. x2; You squeeze the two-headed ogre.
The two-headed ogre is lightly wounded.
The two-headed ogre closely misses you.
The two-headed ogre hits you with a +0 giant club!!
Unknown command.
Unknown command.
You hit the two-headed ogre but do no damage.
The two-headed ogre is poisoned.
You hit the two-headed ogre.
The two-headed ogre looks as sick as possible!
The two-headed ogre is moderately wounded.
The two-headed ogre hits you with a +0 giant club!
The two-headed ogre misses you.
Unknown command.
Unknown command.
Unknown command.
Your transformation has ended.
You turn into a tree.
Your roots penetrate the ground.
Unknown command.
You hit the two-headed ogre but do no damage.
The two-headed ogre looks as sick as possible!
You hit the two-headed ogre but do no damage.
The two-headed ogre is heavily wounded.
The two-headed ogre hits you but does no damage.
The two-headed ogre hits you with a +0 giant club.
* * * LOW HITPOINT WARNING * * *
You closely miss the two-headed ogre.
You hit the two-headed ogre but do no damage.
The two-headed ogre looks as sick as possible!
The two-headed ogre is heavily wounded.
The two-headed ogre hits you with a +0 giant club!!
* * * LOW HITPOINT WARNING * * *
The two-headed ogre hits you with a +0 giant club.
You die...

####....####. ...
##.#..# #. .. #.##.#
#. .. #.##.###. #'
#........ #.
####.#### ######.##
#.# #......O# #.#
##..♣## #.#
.##.....##########.#
....................#
#.####..#############
# ##.# #.# ..# ###


You could see a two-headed ogre (extremely poisoned).

Vanquished Creatures
  Sigmund (D:3)
  An ogre (D:5)
  2 lemures (D:4)
  4 kobold brigands (Sewer)
  A brain worm (Sewer)
  A howler monkey (D:5)
  2 jellies
  A hound (D:5)
  4 gnolls (D:3)
  5 adders
  A river rat (Sewer)
  A white imp (D:5)
  4 ribbon worms
  3 dart slugs
  19 ball pythons
  8 endoplasms
  5 goblins
  9 hobgoblins
  2 bats
  4 frilled lizards
  10 kobolds
  11 rats
99 creatures vanquished.

Notes
Turn   | Place    | Note
-------+----------+-------------------------------------------
     0 | D:1      | 112233 the Octopode Shapeshifter began the quest for the
                  | Orb.
     0 | D:1      | Reached XP level 1. HP: 13/13 MP: 1/1
    63 | D:1      | Reached XP level 2. HP: 14/18 MP: 2/2
   515 | D:2      | Reached XP level 3. HP: 23/23 MP: 3/3
  1392 | D:3      | Reached XP level 4. HP: 8/28 MP: 4/4
  1719 | D:3      | Found an iron altar of Okawaru.
  2243 | D:3      | Found a runed translucent gate.
  2243 | D:3      | Found a runed translucent gate.
  2243 | D:3      | Found a runed translucent gate.
  2244 | D:3      | Noticed riffraff's ghost (amateur AtFi)
  2300 | D:3      | Noticed Sigmund
  2310 | D:3      | Killed Sigmund
  2311 | D:3      | Reached XP level 5. HP: 26/35 MP: 5/5
  2311 | D:3      | Reached XP level 6. HP: 30/41 MP: 6/6
  2596 | D:4      | Noticed Pikel
  2621 | D:5      | Entered Level 5 of the Dungeon
  2798 | D:5      | Found a staircase to the Ecumenical Temple.
  2806 | D:5      | Reached skill level 5 in Shapeshifting
  2818 | Temple   | Entered the Ecumenical Temple
  2853 | D:5      | Reached XP level 7. HP: 38/46 MP: 7/7
  3050 | D:5      | Found a glowing drain.
  3065 | Sewer    | Entered a sewer
  3372 | Sewer    | Reached skill level 1 in Short Blades
  3655 | Sewer    | Reached XP level 8. HP: 50/54 MP: 8/8
  3804 | D:5      | Reached skill level 5 in Stealth
  3804 | D:5      | Noticed a two-headed ogre
  3812 | D:5      | HP: 1/81 [two-headed ogre/+0 giant club (23)]
  3812 | D:5      | Slain by a two-headed ogre

Illustrated notes

Levels and vault maps discovered:
D:1:      spicycebolla_arrival_transporter_tutorial, layout_basic,
          minmay_misc_feat_cross
D:2:      layout_loops_ring
D:3:      layout_basic, mainiacjoe_overflow_24_doors, ebering_ghost_rock_garden,
          uniq_sigmund
D:4:      layout_loops_ring, serial_library_hellmonk_junction,
          hangedman_abyss_or_decor_passed, chequers_arboretum, uniq_pikel,
          uniq_crazy_yiuf_cottage, uniq_edmund
D:5:      layout_loops_corners, elyvilon_altar_5,
          minmay_temple_entry_stoned_glass, portal_sewer_entry_a,
          chequers_serial_rivers_large_b
Temple:   chequers_temple_sunken

Skill      XL: |  1  2  3  4  5  6  7  8 |
---------------+-------------------------+-----
Shapeshifting  | 4 5 |  5.5
Fighting       | 2 3 4 |  4.0
Dodging        | 3 4 |  4.4
Stealth        | 2 3 4 5 |  5.0
Short Blades   | 1 |  1.6
Unarmed Combat | |  3.3

Action                     |  1- 3 |  4- 6 |  7- 9 || total
---------------------------+-------+-------+-------++-------
  Melee: Unarmed           |    23 |       |       ||    23
         Constrict         |    21 |    10 |    18 ||    49
         Tentacles         |    17 |    16 |    18 ||    51
         Quarterstaff      |    18 |       |       ||    18
         Quick blade       |    37 |   111 |    86 ||   234
         Punch             |     1 |     1 |     2 ||     4
  Evoke: Wand              |       |       |     2 ||     2
    Use: Potion            |       |     2 |     1 ||     3
         Scroll            |       |     3 |     2 ||     5
   Stab: Sleeping          |     7 |     2 |     6 ||    15
 Armour: Skin              |    24 |    36 |    18 ||    78
  Dodge: Dodged            |    29 |    20 |    19 ||    68
